 Dungeon Crawl Stone Soup version 0.30-a0-389-g8d7d949f56 (webtiles) character file.

Game seed: 18346006636317020620

2 tio the Grave Robber (level 1, 0/13 HPs)
             Began as a Demonspawn Necromancer on Dec 3, 2022.
             Killed from afar by a dart slug (4 damage)
             ... with a slug dart
             ... on level 1 of the Dungeon.
             The game lasted 00:01:28 (113 turns).

tio the Grave Robber (Demonspawn Necromancer)        Turns: 113, Time: 00:01:28

Health: 0/13       AC:  2    Str:  8    XL:     1   Next: 33%
Magic:  1/3        EV: 12    Int: 16    God:
Gold:   0          SH:  0    Dex: 13    Spells: 3/4 levels left

rFire   . . .      SeeInvis .    (no weapon)
rCold   . . .      Faith    .    (no shield)
rNeg    . . .      Spirit   .    a - +0 robe
rPois   .          Reflect  .    (no helmet)
rElec   .          Harm     .    (no cloak)
rCorr   .          Rampage  .    (no gloves)
Will    .....                    (no boots)
Stlth   ++........               (no amulet)
HPRegen 0.22/turn                (no ring)
MPRegen 0.08/turn                (no ring)

@: no status effects
A: no striking features
a: no special abilities


You were on level 1 of the Dungeon.
You visited 1 branch of the dungeon, and saw 1 of its levels.

Inventory:

Armour
 a - a +0 robe (worn)
Jewellery
 d - a +6 ring of dexterity
Scrolls
 c - a scroll of vulnerability {unknown}
Potions
 b - a potion of magic


   Skills:
 + Level 1.7 Dodging
 + Level 1.7 Stealth
 + Level 2.0 Spellcasting
 + Level 4.5 Necromancy


You had 3 spell levels left.
You knew the following spells:

 Your Spells              Type           Power      Damage    Failure   Level
a - Necrotise             Necr           64%        1d7       3%          1

Your spell library contained the following spells:

 Spells                   Type           Power      Damage    Failure   Level
 Vampiric Draining        Necr           16%        2d7       10%         3
 Animate Dead             Necr           16%        N/A       32%         4
 Agony                    Necr           16%        N/A       65%         5


Dungeon Overview and Level Annotations

Branches:
Dungeon (1/15)

Altars:


Message History

The endoplasm writhes in agony.
The endoplasm writhes in agony!
You kill the endoplasm!
Magic restored.
d - a +6 ring of dexterity A bat comes into view.
You can't see any susceptible monsters within range! (Use Z to cast anyway.)
The bat writhes in agony.
The bat hits you but does no damage.
The bat writhes in agony.
You kill the bat!
The dead are flying!
You can't see any susceptible monsters within range! (Use Z to cast anyway.)
A dart slug comes into view.
Your bat skeleton crumbles into dust!
The dart slug writhes in agony.
The dart slug writhes in agony.
The dart slug writhes in agony.
You are out of magic!
You are out of magic!
The dart slug launches a dart at you. The slug dart hits you.
The dart slug launches a dart at you. The slug dart misses you.
You hit the dart slug.
The dart slug is heavily wounded.
You hit the dart slug but do no damage.
The dart slug is heavily wounded.
The dart slug launches a dart at you. The slug dart hits you.
You hit the dart slug but do no damage.
The dart slug is heavily wounded.
The dart slug bites you.
* * * LOW HITPOINT WARNING * * *
A dart slug is nearby!
A goblin comes into view. It is wielding a +0 club.
The goblin shouts!
Found 3 gold pieces.
The dart slug launches a dart at you. The slug dart hits you.
You die...

....##.# .# #.#.##.#
#.# ###.#.##.# #.#
#...#.##.### ####.##
#.w......# #.....#
#.#.##.#.###.#...###
#.#.##.#...........#
#....#.#..##.....#.#
#....@....##.....#.#
#....##...###..###.#
#.##.##...# #..# #.#
....#.##...# #..###.#
#....$.##...# #......#
#......##...###.####.#
#....................#
... ########.# #.#


You could see a dart slug.

Vanquished Creatures
  A bat (D:1)
  An endoplasm (D:1)
2 creatures vanquished.

Notes
Turn   | Place    | Note
-------+----------+-------------------------------------------
     0 | D:1      | tio the Demonspawn Necromancer began the quest for the Orb.
     0 | D:1      | Reached XP level 1. HP: 13/13 MP: 3/3
   113 | D:1      | Killed from afar by a dart slug

Illustrated notes

Levels and vault maps discovered:
D:1:      nicolae_arrival_memento_mori, layout_loops_ring

Action                   || total
-------------------------++-------
Melee: Unarmed           ||     3
 Cast: Necrotise         ||     7
Armor: Robe              ||     1
Dodge: Dodged            ||     1

Table legend: (Time is in decaauts)
 A = Elapsed time spent in this place.
 B = Non-inter-level travel time spent in this place.
 C = Inter-level travel time spent in this place.
 D = Time resting spent in this place.
 E = Time spent auto-exploring this place.
 F = Levels seen in this place.
 G = Mean time per level.
                   A        B        C        D        E       F      G
               +--------+--------+--------+--------+--------+-----+--------+
         Total |    113 |    112 |      1 |      0 |     82 |   1 |  113.0 |
       Dungeon |    113 |    112 |      1 |      0 |     82 |   1 |  113.0 |
               +--------+--------+--------+--------+--------+-----+--------+

Top non-repeatable levels by time:
     D:1: 113 daAuts
